 Dungeon Crawl Stone Soup version 0.30-a0-459-g9104f0fc43 (webtiles) character file.

Game seed: 7396676655755295509

71981 Jackthecabe the Geomancer (level 14, -2/115 HPs)
             Began as a Demigod Conjurer on Dec 15, 2022.
             Slain by a white ugly thing (15 damage)
             ... on level 14 of the Dungeon.
             The game lasted 01:03:50 (31562 turns).

Jackthecabe the Geomancer (Demigod Conjurer)       Turns: 31562, Time: 01:03:51

Health: -2/115     AC: 18    Str: 12    XL:     14   Next: 57%
Magic:  9/42       EV: 13    Int: 47    God:
Gold:   633        SH:  0    Dex:  7    Spells: 2/22 levels left

rFire   + + .      SeeInvis +    Y - staff of fire {!a}
rCold   + . .      Faith    .    (no shield)
rNeg    . . .      Spirit   .    T - +5 robe of Night {Dark Will+ SInv}
rPois   +          Reflect  .    j - +0 helmet
rElec   .          Harm     .    s - +0 cloak
rCorr   +          Rampage  .    i - +1 pair of gloves of Bidithr Hioh {rC+ MP+9 Str+4}
Will    ++...                    a - +2 pair of boots
Stlth   +.........               y - amulet of Jemupidu {RegenMP *Corrode rPois MP+9}
HPRegen 0.39/turn                H - ring of Mekk {rF+ rCorr Int+7 Dex-5}
MPRegen 0.68/turn                N - ring of Ciakh {AC+4 Int+4}

@: no status effects
A: high MP 1, forlorn, divine attributes
a: no special abilities


You were on level 14 of the Dungeon.
You visited 3 branches of the dungeon, and saw 21 of its levels.
You also visited: Bailey, Ice Cave and Volcano.

You collected 2217 gold pieces.
You spent 1584 gold pieces at shops.


Innate Abilities, Weirdness & Mutations

You have an increased reservoir of magic. (+10% MP)
You shall have no god before yourself.
Your divine heritage dramatically boosts your attributes as you level up.


   Skills:
 - Level 8.0 Fighting
 - Level 10.0 Axes
 - Level 3.0 Armour
 + Level 9.0 Dodging
 - Level 1.7 Stealth
 - Level 4.5 Spellcasting
 - Level 10.0 Conjurations
 - Level 6.0 Hexes
 - Level 14.0 Earth Magic
 - Level 5.0 Poison Magic
 - Level 4.0 Evocations


You had 2 spell levels left.
You knew the following spells:

 Your Spells              Type           Power      Damage    Failure   Level
f - Fulminant Prism       Conj/Hex       36%        3d17      1%          4
m - Magic Dart            Conj           100%       1d8       1%          1
o - Olgreb's Toxic Radia  Pois           55%        N/A       2%          4
s - Searing Ray           Conj           100%       2d8       1%          2
t - Iron Shot             Conj/Erth      44%        9d9       2%          6
w - Stone Arrow           Conj/Erth      100%       3d13      1%          3

Your spell library contained the following spells:

 Spells                   Type           Power      Damage    Failure   Level
 Apportation              Tloc           20%        N/A       1%          1
 Foxfire                  Conj/Fire      100%       2x1d9     1%          1
 Freeze                   Ice            40%        1d6       1%          1
 Sting                    Tmut/Pois      100%       1d8       1%          1
 Summon Small Mammal      Summ           40%        N/A       1%          1
 Poisonous Vapours        Pois/Air       68%        N/A       1%          2
 Dazzling Flash           Conj/Hex       100%       N/A       1%          3
 Hailstorm                Conj/Ice       55%        3d12      1%          3
 Inner Flame              Hex/Fire       55%        N/A       1%          3
 Summon Guardian Golem    Hex/Summ       38%        N/A       1%          3
 Animate Armour           Summ/Erth      100%       N/A       1%          4
 Cause Fear               Hex            30%        N/A       1%          4
 Leda's Liquefaction      Hex/Erth       40%        N/A       1%          4
 Petrify                  Tmut/Erth      66%        N/A       1%          4
 Iskenderun's Mystic Bla  Conj/Tloc      55%        2d12      2%          4
 Call Canine Familiar     Summ           10%        N/A       6%          3
 Frozen Ramparts          Ice            20%        1d4       6%          3
 Gell's Gravitas          Tloc           10%        N/A       6%          3
 Lesser Beckoning         Tloc           20%        N/A       6%          3
 Fireball                 Conj/Fire      36%        3d15      7%          5
 Metabolic Englaciation   Hex/Ice        19%        N/A       16%         5
 Silence                  Hex/Air        19%        N/A       16%         5
 Statue Form              Tmut/Erth      44%        N/A       17%         6
 Passage of Golubria      Tloc           10%        N/A       19%         4
 Starburst                Conj/Fire      36%        6d11      36%         6
 Summon Forest            Summ/Tloc      5%         N/A       47%         5
 Lehudib's Crystal Spear  Conj/Erth      44%        10d11     67%         8
 Shatter                  Erth           48%        3d37*     99%         9
 Discord                  Hex            30%        N/A       100%        8

Inventory:

Missiles
 B - 3 throwing nets {=f}
 G - 3 curare-tipped darts {=f}
Armour
 a - a +2 pair of boots (worn)
 i - the +1 pair of gloves of Bidithr Hioh (worn) {rC+ MP+9 Str+4}
   (You found it on level 14 of the Dungeon)

   Str:       It affects your strength (+4).
   rC:        It protects you from cold.
   MP:        It affects your magic capacity (+9).
 j - a +0 helmet (worn)
 s - a +0 cloak (worn)
 T - the +5 robe of Night (worn) {Dark Will+ SInv}
   (You bought it in a shop on level 2 of the Orcish Mines)

   It shrouds the wearer in darkness, reducing the range at which they can see
   and be seen by others.
   SInv:      It lets you see invisible.
   Will:      It increases your willpower.
Magical Staves
 Y - a staff of fire (weapon) {!a}
Jewellery
 c - a ring of protection from cold
 n - a ring of positive energy
 t - a +4 ring of protection
 y - the amulet of Jemupidu (around neck) {RegenMP *Corrode rPois MP+9}
   (You acquired it on level 2 of the Lair of Beasts)

   [amulet of magic regeneration]

   It increases your rate of magic regeneration.
   rPois:     It protects you from poison.
   MP:        It affects your magic capacity (+9).
   *Corrode:  It may corrode you when you take damage.
 C - a ring of protection from cold
 H - the ring of Mekk (left hand) {rF+ rCorr Int+7 Dex-5}
   (You found it on level 14 of the Dungeon)

   [ring of protection from fire]

   Int:       It affects your intelligence (+7).
   Dex:       It affects your dexterity (-5).
   rF:        It protects you from fire.
   rCorr:     It protects you from acid and corrosion.
 N - the ring of Ciakh (right hand) {AC+4 Int+4}
   (You bought it in a shop on level 2 of the Orcish Mines)

   [ring of protection]

   AC:        It affects your AC (+4).
   Int:       It affects your intelligence (+4).
 P - a ring of poison resistance
 R - a ring of resist corrosion
 W - a ring of willpower
Wands
 k - a wand of polymorph (14)
 u - a wand of flame (55)
 v - a wand of mindburst (12)
 L - a wand of acid (9)
 Q - a wand of iceblast (10)
 V - a wand of paralysis (28)
Scrolls
 d - 6 scrolls of immolation
 f - 6 scrolls of poison
 g - 3 scrolls of vulnerability
 l - 2 scrolls of blinking
 m - 3 scrolls of magic mapping
 p - 3 scrolls of silence {!r}
 w - a scroll of fog
 x - 6 scrolls of teleportation {@r2}
 D - a scroll of butterflies
 I - 2 scrolls of fear
 K - 2 scrolls of enchant armour
 X - 3 scrolls of identify {@r1}
Potions
 b - a potion of magic
 e - 9 potions of haste {@q3}
 h - 6 potions of curing {@q1}
 o - 3 potions of attraction
 q - 4 potions of heal wounds {@q2}
 r - 6 potions of flight
 z - 4 potions of invisibility
 A - 3 potions of might
 J - 3 potions of lignification
 O - 2 potions of resistance
 S - 2 potions of cancellation
 U - 4 potions of brilliance
 Z - 2 potions of mutation
Miscellaneous
 E - a box of beasts
 F - a phial of floods

Dungeon Overview and Level Annotations

Branches:
Dungeon (14/15)            Temple (0/1) D:5            Lair (5/5) D:10
 Shoals (0/4) Lair:2       Spider (0/4) Lair:3        Slime (0/5) Lair:4
    Orc (2/2) D:9             Elf (0/3) Orc:2        Vaults (0/5) D:13
 Bailey (visited)           IceCv (visited)         Volcano (visited)

Shops:
D:7 !   D:8 !   D:13 [   D:14 =   Orc:2 [([=(

Annotations:
D:5 2 transporters, Encipher's ghost, novice OpTm
D:7 1 runed translucent door
D:9 2 runed translucent doors, bronco's ghost, novice KoBr
Lair:4 exclusion: 4 oklob plants
Lair:5 2 runed translucent doors, Urug

#.##..........####.#.#...
#........#.............>.
##########################.
#..........................
##.####################....
#..# .... #............
##.# #.) #.######..... #.#
#.##.#.# ##.(.... #.#
#@...#.####..#.... #.#
#u####.....>##....
#.#######u#########.###'##
#.......#...u...†.#.##....
#######....######.#.##....
#.....# #...#.##....
#.########.###'###+##
#.#.#.#...u........#
#.#^#^#####........#


You could see 2 ugly things.


Message History

* * * LOW HITPOINT WARNING * * *
The cyan ugly thing basks in the mutagenic energy from its kin and changes!
You are too injured to fight recklessly!
Unknown command.
You are too injured to fight recklessly!
Casting: Iron Shot (dangerous; 2% risk of failure)
Confirm with . or Enter, or press ? or * to list all spells.
Aiming: Iron Shot (dangerous; 2% risk of failure)
Press: ? - help, Shift-Dir - straight line, f/p - white ugly thing
Aim: a white ugly thing (severely wounded, 76% to hit)
The iron shot hits the white ugly thing!!!
The white ugly thing is almost dead.
Unknown command.
Casting: Iron Shot (dangerous; 2% risk of failure)
Confirm with . or Enter, or press ? or * to list all spells.
Aiming: Iron Shot (dangerous; 2% risk of failure)
Press: ? - help, Shift-Dir - straight line, f/p - white ugly thing
Aim: a white ugly thing (severely wounded, 76% to hit)
The iron shot hits the white ugly thing!!!
You kill the white ugly thing!
Your Dodging skill increases to level 9!
Unknown command.
Casting: Iron Shot (dangerous; 2% risk of failure)
Confirm with . or Enter, or press ? or * to list all spells.
Okay, then.
There is a stone staircase leading up here.
The white ugly thing engulfs you!
* * * LOW HITPOINT WARNING * * *
The white ugly thing freezes you! You resist.
You die...

Skill      XL: |  1  2  3  4  5  6  7  8  9 10 11 12 13 14 |
---------------+-------------------------------------------+-----
Spellcasting   | 2 3 4 |  4.5
Hexes          | 1 2 3 4 6 |  6.0
Conjurations   | 4 5 6 8 10 | 10.0
Earth Magic    | 3 6 10 13 14 | 14.0
Fighting       | 4 6 8 |  8.0
Evocations     | 2 4 |  4.0
Armour         | 3 |  3.0
Poison Magic   | 5 |  5.0
Dodging        | 3 4 9 |  9.0
Axes           | 8 10 | 10.0
Stealth        | |  1.7

Action                   |  1- 3 |  4- 6 |  7- 9 | 10-12 | 13-15 || total
-------------------------+-------+-------+-------+-------+-------++-------
Melee: Unarmed           |       |    14 |       |       |       ||    14
       Dagger            |       |    22 |    26 |    47 |       ||    95
       Punch             |       |     1 |       |     1 |       ||     2
       Broad axe         |       |       |       |    63 |       ||    63
       Staff             |       |       |       |     4 |    21 ||    25
 Cast: Magic Dart        |    82 |    55 |       |       |       ||   137
       Searing Ray       |     5 |    12 |     4 |     9 |       ||    30
       Stone Arrow       |       |    22 |   128 |   335 |    17 ||   502
       Fulminant Prism   |       |       |    21 |    17 |     3 ||    41
       Olgreb's Toxic Ra |       |       |       |    56 |    31 ||    87
       Iron Shot         |       |       |       |       |   306 ||   306
  Use: Potion            |       |       |     1 |     1 |     3 ||     5
       Scroll            |       |       |       |    19 |     7 ||    26
Armor: Robe              |     1 |    15 |    33 |    10 |    25 ||    84
       Steam dragon scal |       |       |       |    74 |    46 ||   120
Dodge: Dodged            |     5 |    41 |    98 |   227 |    89 ||   460

Levels and vault maps discovered:
D:1:      wheals_arrival_linesprint, layout_basic
D:2:      layout_rooms, minmay_surrounded
D:3:      layout_rooms, nicolae_titane
D:4:      layout_basic, due_unseen_surprise
D:5:      layout_loops_ring, kiku_gazebo_garden_becter, lemuel_doored_altar,
          minmay_temple_entry_statues_fountains, gammafunk_ghost_hive,
          serial_aquarium, aquarium_bridge_long_joined
          [aquarium_subvault_window, aquarium_subvault_window,
          aquarium_subvault_bridge, aquarium_subvault_bridge,
          aquarium_subvault_bridge, aquarium_subvault_bridge],
          aquarium_window_fake, aquarium_window_2, aquarium_view_2g,
          aquarium_view_2c, uniq_duvessa
D:6:      layout_loops_ring
D:7:      cheibrodos_shockbox, layout_loops_cross, serial_shops,
          kennysheep_mini, uniq_joseph
D:8:      layout_cave_pools, serial_shops, nicolae_lakefront_shop
D:9:      layout_rooms, erik_orc_1, ebering_ghost_disaster_area,
          lightli_bailey_entry_fortress, st_stairs_13
D:10:     layout_loops_ring, mainiacjoe_overflow_concentric_impassable,
          bloody_makhleb, lair_entry_dummy, minmay_fractal_squares_gapless_7
D:11:     layout_basic
D:12:     layout_gridville, portal_ice_cave_entry_pillars_2,
          okawaru_altar_gauntlet_db
D:13:     layout_roguey, erik_vaults_1, hellmonk_scale_shop, uniq_sonja
D:14:     minmay_strange_plus, layout_basic, hangedman_decor_riveting,
          serial_shops, nicolae_shop_stone, led_xom_imps, uniq_frances,
          uniq_josephine
Lair:1:   layout_hall_layers
Lair:2:   layout_regular_city, elwin_shoals_entry_rocks,
          bh_autumn_forest_stairs, wad_woods_01, serial_bayou_shore_a
Lair:3:   layout_cave_pods, spider_nest_entry_rubble, enter_volcano_2,
          serial_bayou_crossing, grunt_megastairs_4, uniq_amaemon
Lair:4:   minmay_lair_oklob_chamber, layout_cave_pods, slime_entry_1,
          minivault_24, evilmike_ambush [evilmike_ambush_outer_basic,
          evilmike_ambush_inner_basic]
Lair:5:   cheibrodos_lair_end_hotspot, layout_regular_city, basic_altar,
          minivault_25, uniq_urug
Orc:1:    layout_diamond_mine, basic_altar
Orc:2:    grunt_orc_community_town_hall, layout_diamond_mine,
          grunt_orc_community_big_house_2, grunt_orc_community_big_house_2,
          grunt_orc_community_house_1, grunt_orc_community_house_3,
          grunt_orc_community_house_2, grunt_orc_community_house_2,
          serial_shops, shop_coins

Notes
Turn   | Place    | Note
-------+----------+-------------------------------------------
     0 | D:1      | Jackthecabe the Demigod Conjurer began the quest for the
                  | Orb.
     0 | D:1      | Reached XP level 1. HP: 14/14 MP: 5/5
   189 | D:1      | Reached skill level 2 in Spellcasting
   257 | D:1      | Reached XP level 2. HP: 20/20 MP: 2/7
   260 | D:1      | Learned a level 2 spell: Searing Ray
   428 | D:1      | Reached skill level 1 in Hexes
  1168 | D:2      | Reached skill level 4 in Conjurations
  1168 | D:2      | Reached XP level 3. HP: 26/26 MP: 2/9
  1735 | D:2      | Reached XP level 4. HP: 33/33 MP: 0/10
  1844 | D:2      | Learned a level 4 spell: Fulminant Prism
  1931 | D:2      | Reached skill level 2 in Hexes
  2362 | D:3      | Reached skill level 3 in Spellcasting
  2362 | D:3      | Reached XP level 5. HP: 33/38 MP: 4/12
  2547 | D:3      | Reached skill level 3 in Hexes
  3143 | D:4      | Reached skill level 5 in Conjurations
  3180 | D:4      | Reached XP level 6. HP: 45/45 MP: 5/13
  3332 | D:4      | Learned a level 3 spell: Stone Arrow
  3882 | D:4      | Reached skill level 4 in Hexes
  4319 | D:5      | Entered Level 5 of the Dungeon
  4358 | D:5      | Reached skill level 6 in Conjurations
  4358 | D:5      | Reached XP level 7. HP: 50/50 MP: 7/14
  4426 | D:5      | Reached skill level 5 in Hexes
  4928 | D:5      | Found a staircase to the Ecumenical Temple.
  5003 | D:5      | Reached skill level 6 in Hexes
  5137 | D:5      | Noticed Duvessa
  5137 | D:5      | Noticed Dowan
  5144 | D:5      | Killed Dowan
  5145 | D:5      | Reached skill level 1 in Earth Magic
  5148 | D:5      | Killed Duvessa
  5149 | D:5      | Reached skill level 2 in Earth Magic
  5469 | D:5      | Reached skill level 3 in Earth Magic
  5634 | D:5      | Noticed Encipher's ghost (novice OpTm)
  5709 | D:5      | Found a transporter.
  5709 | D:5      | Found a transporter.
  5885 | D:6      | Reached XP level 8. HP: 57/57 MP: 8/15
  5892 | D:6      | Reached skill level 4 in Earth Magic
  6164 | D:6      | Reached skill level 5 in Earth Magic
  6259 | D:6      | Reached skill level 6 in Earth Magic
  6677 | D:6      | Reached skill level 1 in Fighting
  6759 | D:6      | Reached skill level 2 in Fighting
  6905 | D:6      | Reached skill level 3 in Fighting
  7517 | D:7      | Reached skill level 4 in Fighting
  7517 | D:7      | Reached skill level 1 in Evocations
  7559 | D:7      | Reached skill level 2 in Evocations
  7559 | D:7      | Reached XP level 9. HP: 71/71 MP: 10/16
  7730 | D:7      | Found Feupniz's Distillery.
  7817 | D:7      | Bought a potion of curing for 36 gold pieces
  7831 | D:7      | Noticed a sixfirhy
  7837 | D:7      | Found a runed translucent door.
  7986 | D:7      | Reached skill level 3 in Evocations
  8312 | D:7      | Reached skill level 4 in Evocations
  8428 | D:7      | Noticed Joseph
  8448 | D:7      | Killed Joseph
  8574 | D:7      | Reached skill level 7 in Conjurations
  8860 | D:8      | Noticed a kobold demonologist
  8861 | D:8      | Noticed a kobold demonologist
  8862 | D:8      | Noticed a sun demon
  8894 | D:8      | Noticed a two-headed ogre
  8907 | D:8      | Killed a two-headed ogre
  8908 | D:8      | Reached skill level 8 in Conjurations
  9317 | D:8      | Noticed a kobold demonologist
  9342 | D:7      | Reached skill level 5 in Fighting
  9521 | D:7      | Noticed a soul eater
  9521 | D:7      | Killed a kobold demonologist
  9996 | D:7      | Reached skill level 6 in Fighting
  9998 | D:7      | Reached XP level 10. HP: 12/83 MP: 12/17
 10231 | D:7      | Reached skill level 1 in Armour
 10507 | D:7      | Noticed a sixfirhy
 10511 | D:7      | Reached skill level 2 in Armour
 10514 | D:7      | Reached skill level 3 in Armour
 11030 | D:8      | Reached skill level 4 in Spellcasting
 11709 | D:8      | Found Buusiris's Distillery.
 11718 | D:8      | Bought a potion of attraction for 39 gold pieces
 11718 | D:8      | Bought a potion of heal wounds for 65 gold pieces
 11718 | D:8      | Bought a potion of lignification for 39 gold pieces
 11718 | D:8      | Bought 2 potions of degeneration for 26 gold pieces
 11720 | D:8      | Identified a potion of resistance
 11983 | D:9      | Found a flagged portal.
 12002 | D:9      | Learned a level 4 spell: Olgreb's Toxic Radiance
 12003 | Bailey   | Entered a bailey
 12046 | Bailey   | Reached skill level 1 in Poison Magic
 12327 | Bailey   | Reached skill level 2 in Poison Magic
 12817 | Bailey   | Reached skill level 3 in Poison Magic
 12874 | Bailey   | Identified a +0 crystal plate armour
 12955 | Bailey   | Noticed an orc knight
 12996 | Bailey   | Killed an orc knight
 12997 | Bailey   | Reached skill level 4 in Poison Magic
 13442 | D:9      | Reached skill level 5 in Poison Magic
 13442 | D:9      | Reached skill level 2 in Dodging
 13473 | D:9      | Reached skill level 3 in Dodging
 13600 | D:9      | Reached XP level 11. HP: 89/89 MP: 19/20
 13815 | D:9      | Reached skill level 4 in Dodging
 13888 | D:9      | Reached skill level 9 in Conjurations
 13971 | D:9      | Found a staircase to the Orcish Mines.
 14410 | D:9      | Found a large runed translucent door.
 14411 | D:9      | Found a large runed translucent door.
 14414 | D:9      | Noticed bronco's ghost (novice KoBr)
 14539 | D:10     | Entered Level 10 of the Dungeon
 14549 | D:10     | Found a staircase to the Lair.
 14893 | D:10     | Identified the +4 broad axe of the Magi {vorpal, Str+5}
 14992 | D:10     | Reached skill level 10 in Conjurations
 14992 | D:10     | Reached skill level 1 in Axes
 15120 | D:10     | Reached skill level 2 in Axes
 15157 | D:10     | Reached skill level 3 in Axes
 15532 | D:10     | Reached skill level 4 in Axes
 15878 | D:10     | Reached skill level 5 in Axes
 16605 | D:11     | Reached skill level 6 in Axes
 16730 | D:11     | Noticed a boulder beetle
 16739 | D:11     | Killed a boulder beetle
 17000 | D:11     | Reached skill level 7 in Axes
 17264 | Lair:1   | Entered Level 1 of the Lair of Beasts
 17393 | Lair:1   | Reached skill level 8 in Axes
 17754 | Lair:1   | Reached XP level 12. HP: 37/96 MP: 21/21
 18113 | Lair:1   | Reached skill level 9 in Axes
 18787 | Lair:2   | Acquired Jackthecabe's Grimoire of Terra Firma and the
                  | Voyage
 18789 | Lair:2   | Acquired the amulet of Jemupidu {RegenMP *Corrode rPois
                  | MP+9}
 19151 | Lair:2   | Found a staircase to the Shoals.
 19829 | Lair:3   | Noticed Amaemon
 19833 | Lair:3   | Reached skill level 10 in Axes
 19841 | Lair:3   | Killed Amaemon
 19889 | Lair:3   | Reached skill level 7 in Earth Magic
 20237 | Lair:3   | Found a dark tunnel.
 20249 | Volcano  | Entered a volcano
 20296 | Volcano  | Reached skill level 8 in Earth Magic
 20304 | Volcano  | Noticed a stone giant
 20498 | Lair:3   | Found a hole to the Spider Nest.
 21267 | Lair:4   | Noticed a boulder beetle
 21278 | Lair:3   | Killed a boulder beetle
 21279 | Lair:3   | Reached skill level 9 in Earth Magic
 21627 | Lair:4   | Found a staircase to the Slime Pits.
 21645 | Lair:4   | Noticed a five-headed hydra
 21654 | Lair:4   | Killed a five-headed hydra
 21974 | Lair:4   | Reached skill level 10 in Earth Magic
 22394 | Lair:4   | Reached XP level 13. HP: 103/103 MP: 23/23
 22452 | Lair:4   | HP: 10/103 [black mamba (5)]
 22736 | Lair:4   | Reached skill level 7 in Fighting
 22749 | Lair:4   | Learned a level 6 spell: Iron Shot
 23454 | Lair:5   | Entered Level 5 of the Lair of Beasts
 23460 | Lair:5   | Reached skill level 8 in Fighting
 24092 | Lair:5   | Reached skill level 11 in Earth Magic
 24756 | Lair:5   | Reached skill level 12 in Earth Magic
 24841 | Lair:5   | Found a large runed translucent door.
 24842 | Lair:5   | Found a large runed translucent door.
 24849 | Lair:5   | Noticed Urug
 25518 | Orc:1    | Entered Level 1 of the Orcish Mines
 26183 | Orc:2    | Entered Level 2 of the Orcish Mines
 26685 | Orc:2    | Found Wungass's Antique Weapon Shop.
 27169 | Orc:2    | Found Foqilarr's Armour Shop.
 27231 | Orc:2    | Found a staircase to the Elven Halls.
 27237 | Orc:2    | Found Ithoirhoi's Jewellery Shoppe.
 27442 | Orc:2    | Reached skill level 13 in Earth Magic
 27665 | Orc:2    | Noticed an orc warlord
 27688 | Orc:2    | Killed an orc warlord
 27800 | Orc:2    | Found Orhe's Antique Armour Boutique.
 27801 | Orc:2    | Found Juobeu's Antique Weapon Shop.
 27970 | Orc:2    | Bought the ring of Ciakh {AC+4 Int+4} for 719 gold pieces
 28027 | Orc:2    | Bought the +5 robe of Night {Dark Will+ SInv} for 660 gold
                  | pieces
 28027 | Orc:2    | Found the +5 robe of Night {Dark Will+ SInv}
 28370 | D:12     | Found a frozen archway.
 28395 | IceCv    | Entered an ice cave
 28689 | IceCv    | Reached XP level 14. HP: 115/115 MP: 21/24
 29357 | D:12     | Reached skill level 14 in Earth Magic
 29589 | D:13     | Found a gate to the Vaults.
 29662 | D:13     | Found Haoziempo's Superior Scales.
 29667 | D:13     | Reached skill level 5 in Dodging
 29917 | D:13     | Noticed Sonja
 29918 | D:13     | Reached skill level 6 in Dodging
 29921 | D:13     | Killed Sonja
 30463 | D:14     | Noticed Josephine
 30561 | D:14     | Killed Josephine
 30562 | D:14     | Reached skill level 7 in Dodging
 30664 | D:14     | Found Zuwkeggoats's Jewellery Shop.
 30720 | D:14     | Identified the +1 pair of gloves of Bidithr Hioh {rC+ MP+9
                  | Str+4}
 30798 | D:14     | Noticed a storm dragon
 30925 | D:14     | Killed a storm dragon
 30926 | D:14     | Reached skill level 8 in Dodging
 31028 | D:14     | Identified the +5 war axe of Evisceration {holy, rPois
                  | Dex+2}
 31030 | D:14     | Identified the ring of Mekk {rF+ rCorr Int+7 Dex-5}
 31040 | D:14     | Got the Quarto of the Frog
 31555 | D:14     | Reached skill level 9 in Dodging
 31562 | D:14     | Slain by a white ugly thing

Vanquished Creatures
  A storm dragon (D:14)
  An orc warlord (Orc:2)
  A very ugly thing (D:14)
  A fire dragon (D:14)
  Josephine (D:14)
  An ettin (D:14)
  An ice dragon (D:13)
  6 hydras
  3 boulder beetles
  2 dancing weapons (D:13)
  A two-headed ogre (D:8)
  An orc high priest (Orc:2)
  Sonja (D:13)
  Amaemon (Lair:3)
  A fire crab (Lair:5)
  A shadow wraith (D:14)
  2 lindwurms
  A wizard (D:14)
  2 orc knights
  13 ugly things
  3 orc sorcerers (Orc:2)
  A wolf spider (Lair:3)
  5 cyclopes
  5 elephants (Lair:4)
  2 molten gargoyles (Lair:5)
  Joseph (D:7)
  A gargoyle (Volcano)
  3 ice statues (IceCv)
  6 black mambas
  5 cane toads
  3 unseen horrors
  4 rime drakes
  An orange demon (Lair:3)
  5 kobold demonologists
  A tengu conjurer (D:10)
  An anaconda simulacrum (IceCv)
  An efreet (Volcano)
  12 komodo dragons
  10 trolls
  A hornet (D:10)
  2 polar bears
  13 blink frogs
  5 slime creatures (D:13)
  A dream sheep (Lair:4)
  6 wraiths
  5 wyverns
  6 spriggans (Lair:2)
  2 shadows
  A dire elephant simulacrum (IceCv)
  7 basilisks
  37 yaks
  4 steam dragons
  4 fire elementals (Volcano)
  3 vampire mosquitoes (D:12)
  4 wargs (Orc:2)
  Duvessa (D:5)
  2 acid dragons
  11 water moccasins
  4 hell hounds (Lair:5)
  A swamp drake (D:9)
  38 orc warriors
  4 ice beasts
  3 black bears
  A sky beast (D:4)
  21 wolves
  10 ogres
  5 centaurs
  6 kobold brigands
  12 bullfrogs
  2 necrophages
  A gnoll sergeant (D:10)
  A scorpion (D:4)
  An earth elemental (Volcano)
  A cane toad simulacrum (IceCv)
  8 wights
  Dowan (D:5)
  An elephant simulacrum (IceCv)
  16 killer bees
  2 howler monkeys (D:10)
  An electric eel (Lair:2)
  2 crimson imps (D:14)
  5 lava snakes (Lair:5)
  3 hounds
  5 jellies
  A gnoll bouda (D:7)
  22 orc priests
  4 iguanas
  26 orc wizards
  7 hell rats (Lair:5)
  A polar bear simulacrum (IceCv)
  2 wolf simulacra (IceCv)
  18 gnolls
  8 adders
  An ufetubus (D:7)
  3 worms
  4 dart slugs
  115 orcs
  7 ball pythons
  4 endoplasms
  2 giant cockroaches
  8 goblins
  12 hobgoblins
  14 jackals
  4 quokkas
  8 bats
  2 frilled lizards (D:1)
  41 kobolds
  4 rats
700 creatures vanquished.

Vanquished Creatures (others)
  A wyvern (Lair:5)
  A kobold (D:8)
  41 fulminant prisms
  13 fungi
  17 plants
73 creatures vanquished.

Grand Total: 773 creatures vanquished

Table legend: (Time is in decaauts)
 A = Elapsed time spent in this place.
 B = Non-inter-level travel time spent in this place.
 C = Inter-level travel time spent in this place.
 D = Time resting spent in this place.
 E = Time spent auto-exploring this place.
 F = Levels seen in this place.
 G = Mean time per level.
                   A        B        C        D        E       F      G
               +--------+--------+--------+--------+--------+-----+--------+
         Total |  31747 |  30442 |   1305 |   5211 |  21031 |  24 | 1322.8 |
       Dungeon |  19356 |  18652 |    704 |   3620 |  12543 |  14 | 1382.6 |
          Lair |   8083 |   7703 |    380 |    928 |   5820 |   5 | 1616.6 |
  Orcish Mines |   2544 |   2324 |    220 |    260 |   1686 |   2 | 1272.0 |
        Bailey |   1265 |   1265 |      0 |    184 |    857 |   1 | 1265.0 |
      Ice Cave |    440 |    440 |      0 |    211 |    124 |   1 |  440.0 |
       Volcano |     57 |     57 |      0 |      8 |      0 |   1 |   57.0 |
               +--------+--------+--------+--------+--------+-----+--------+

Top non-repeatable levels by time:
     D:7: 3482 daAuts
  Lair:4: 2241 daAuts
    D:10: 1827 daAuts
  Lair:5: 1826 daAuts
   Orc:2: 1807 daAuts
     D:5: 1557 daAuts
  Lair:3: 1497 daAuts
     D:9: 1482 daAuts
     D:6: 1408 daAuts
  Lair:1: 1408 daAuts
     D:4: 1279 daAuts
  Bailey: 1265 daAuts
     D:1: 1231 daAuts
     D:8: 1158 daAuts
  Lair:2: 1109 daAuts

Table legend:
 A = Non-vault XP
 B = Vault XP
 C = Vault XP percentage of total XP
 D = Non-vault monster count
 E = Vault monster count
 F = Vault count percentage of total count
                 A         B        C        D         E       F
            +---------+---------+-------+---------+---------+-------
      Total |   62015 |   40815 |  39.7 |     481 |     220 |  31.4
            +---------+---------+-------+---------+---------+-------
        D:1 |      43 |       0 |   0.0 |      23 |       0 |   0.0
        D:2 |      88 |      19 |  17.8 |      28 |       4 |  12.5
        D:3 |     218 |       0 |   0.0 |      26 |       0 |   0.0
        D:4 |     410 |       0 |   0.0 |      18 |       0 |   0.0
        D:5 |     706 |     221 |  23.8 |      18 |       2 |  10.0
        D:6 |    1297 |       0 |   0.0 |      24 |       0 |   0.0
        D:7 |    3143 |     434 |  12.1 |      51 |       1 |   1.9
        D:8 |    2287 |       0 |   0.0 |      19 |       0 |   0.0
        D:9 |    2859 |     712 |  19.9 |      38 |      30 |  44.1
       D:10 |    2601 |    2218 |  46.0 |      35 |       7 |  16.7
       D:11 |    4750 |       0 |   0.0 |      18 |       0 |   0.0
       D:12 |    3707 |      10 |   0.3 |      14 |       6 |  30.0
       D:13 |    4639 |    3707 |  44.4 |      13 |       6 |  31.6
       D:14 |    5052 |    8159 |  61.8 |       9 |      13 |  59.1
     Lair:1 |    4064 |       0 |   0.0 |      25 |       0 |   0.0
     Lair:2 |    1839 |    1293 |  41.3 |      10 |       6 |  37.5
     Lair:3 |    2082 |    3550 |  63.0 |      11 |      10 |  47.6
     Lair:4 |   10390 |    1770 |  14.6 |      30 |       5 |  14.3
     Lair:5 |    7988 |    5577 |  41.1 |      26 |      25 |  49.0
      Orc:1 |    1641 |       0 |   0.0 |      29 |       0 |   0.0
      Orc:2 |    2211 |    6622 |  75.0 |      16 |      62 |  79.5
     Bailey |       0 |    1716 | 100.0 |       0 |      24 | 100.0
      IceCv |       0 |    3167 | 100.0 |       0 |      12 | 100.0
    Volcano |       0 |    1640 | 100.0 |       0 |       7 | 100.0
            +---------+---------+-------+---------+---------+-------
